 Dungeon Crawl Stone Soup version 0.28.0 (webtiles) character file.

Game seed: 161752046711078437

51 cbfl8 the Sneak (level 3, -1/33 HPs)
             Began as a Minotaur Delver on Feb 13, 2022.
             Was an Initiate of Makhleb.
             Slain by an orc (4 damage)
             ... on level 4 of the Dungeon.
             The game lasted 00:01:42 (848 turns).

cbfl8 the Sneak (Minotaur Delver)                    Turns: 848, Time: 00:01:43

Health: -1/33      AC:  3    Str: 18    XL:     3   Next: 57%
Magic:  2/2        EV: 12    Int:  7    God:    Makhleb [......]
Gold:   27         SH:  0    Dex: 11    Spells: 2/2 levels left

rFire   . . .      SeeInvis .   a - +0 hand axe
rCold   . . .      Faith    .   (no shield)
rNeg    . . .      Spirit   .   b - +0 leather armour
rPois   .          Reflect  .   (helmet restricted)
rElec   .          Harm     .   (no cloak)
rCorr   .          Rampage  .   (no gloves)
Will    .....                   (no boots)
Stlth   ++........              (no amulet)
HPRegen 0.11/turn               (no ring)
MPRegen 0.08/turn               (no ring)

@: no status effects
A: horns 2, retaliatory headbutt
a: Renounce Religion


You were on level 4 of the Dungeon.
You worshipped Makhleb.
Makhleb was noncommittal.
You visited 2 branches of the dungeon, and saw 3 of its levels.

You collected 27 gold pieces.

Inventory:

Hand Weapons
 a - a +0 hand axe (weapon)
 k - a +0 short sword of speed
Armour
 b - a +0 leather armour (worn)
Wands
 g - a wand of digging (3)
Scrolls
 c - a scroll of fog
 d - a scroll of magic mapping
 e - a scroll of fear
 i - 2 scrolls of blinking {unknown}
 j - a scroll of teleportation {unknown}
Potions
 f - a potion of haste
 h - a potion of degeneration {unknown}


   Skills:
 + Level 3.8 Fighting
 + Level 2.5 Axes
 + Level 2.3 Dodging
 + Level 5.0 Stealth


You had 2 spell levels left.
You didn't know any spells.
Your spell library was empty.

Dungeon Overview and Level Annotations

Branches:
Dungeon (5/15)             Temple (1/1) D:5

Altars:
Ashenzari
Cheibriados
Dithmenos
Elyvilon
Fedhas
Gozag
Hepliaklqana
Kikubaaqudgha
Makhleb
Nemelex Xobeh
Qazlal
Ru
Sif Muna
Trog
Uskayaw
Vehumet
Wu Jian
Xom
Yredelemnul
Zin
The Shining One

Annotations:
D:4 Dowan


Innate Abilities, Weirdness & Mutations

You have a pair of horns on your head.
You reflexively headbutt those who attack you in melee.


Message History

There is a stone staircase leading down here.
A quokka comes into view.
The helpless quokka fails to defend itself.
You hit the quokka. You headbutt the quokka.
You kill the quokka!
Makhleb accepts your kill.
You see here a quokka corpse.
Found a ring mail.
Found 8 gold pieces.
A quokka comes into view.
An orc priest comes into view.
It is wielding a +1 hand axe of electrocution.
The quokka bites you but does no damage.
You closely miss the quokka. You headbutt the quokka.
You kill the quokka!
Makhleb accepts your kill.
You see here a quokka corpse.
An orc comes into view. It is wielding a +0 mace.
The orc priest shouts!
The orc shouts!
An orc comes into view. It is wielding a +0 club.
You see here 8 gold pieces.
You now have 27 gold pieces (gained 8).
The orc shouts!
An orc priest comes into view. It is wielding a +1 antimagic hand axe.
An orc comes into view. It is wielding a +0 dagger.
You see here a quokka corpse.
Found 34 stones.
The orc priest invokes the aid of Beogh against you.
Beogh smites you!
You hear a shout!
Found a scroll labelled RIUCKE EPOON.
The orc priest calls down the wrath of Beogh upon you.
Beogh smites you!
* * * LOW HITPOINT WARNING * * *
The orc hits you with a +0 mace.
* * * LOW HITPOINT WARNING * * *
You see here 34 stones.
The orc closely misses you. The orc barely misses you. You furiously retaliate!
You headbutt the orc. The orc hits you with a +0 mace.
You die...

.........#
###......##
##......#
##...o..##
#........####
#....#.........
...###o.##....#
...##oo## #...#
.. #.@## ...#
#...## ..#
#..?## #. #...#
#..# #..# #.#
#.


You could see 2 orc priests and 2 orcs.

Vanquished Creatures
  A hound (D:5)
  A white imp (D:5)
  An ufetubus (D:5)
  4 jackals (D:5)
  2 quokkas (D:4)
  A ball python (D:4)
  A kobold (D:4)
11 creatures vanquished.

Notes
Turn   | Place    | Note
-------+----------+-------------------------------------------
     0 | D:5      | cbfl8 the Minotaur Delver began the quest for the Orb.
     0 | D:5      | Reached XP level 1. HP: 19/19 MP: 0/0
    76 | D:5      | Found a staircase to the Ecumenical Temple.
    82 | D:5      | Reached XP level 2. HP: 25/27 MP: 1/1
   100 | D:5      | Reached XP level 3. HP: 33/33 MP: 2/2
   107 | D:5      | Reached skill level 5 in Stealth
   117 | Temple   | Entered the Ecumenical Temple
   699 | Temple   | Became a worshipper of Makhleb the Destroyer
   766 | D:4      | Noticed Dowan
   848 | D:4      | Slain by an orc

Illustrated notes

Levels and vault maps discovered:
D:4:      layout_layer_cave, gammafunk_ghost_cemetery, uniq_sigmund,
          uniq_duvessa
D:5:      layout_loops_ring, minmay_temple_entry_mini_moons,
          kennysheep_generic_room_3
Temple:   mainiacjoe_temple_trianglar_array

Skill      XL: |  1  2  3 |
---------------+----------+-----
Stealth        | 5 |  5.0
Fighting       | |  3.8
Axes           | |  2.5
Dodging        | |  2.3

Action                   || total
-------------------------++-------
Melee: Hand axe          ||    25
       Headbutt          ||     4
 Stab: Distracted        ||     1
       Sleeping          ||     1
Armor: Leather armour    ||     8
Dodge: Dodged            ||    24
